Map: Blackpink LE

Players

Bodhi

  • Race: Zerg Zerg
  • League: Diamond
  • Spawn Location: 1:00

Tenacity - Winner!

  • Race: Protoss Protoss
  • League: Diamond
  • Spawn Location: 7:00

VOD

Have the link to the VOD?

Description

Sorry for not gging I was mad

Time

  • Played on: Feb. 22, 2018, 9:39 p.m.
  • Length: 16:21
Show
View Real Time Build Order
Export as new Build Order

Bodhi Zerg 

Build Orders: Hatch First 

Get SALT Encoding   

  12  0:00  Drone  
  13  0:12  Overlord  
  13  0:17  Drone  
  14  0:31  Drone x2  
  14  0:35  Drone  
  17  0:51  Hatchery  
  17  0:54  Drone  
  17  0:58  Drone  
  18  1:09  Extractor  
  17  1:14  Spawning Pool  
  17  1:16  Drone  
  17  1:20  Drone  
  18  1:28  Drone  
  19  1:39  Overlord  
  19  1:50  Drone  
  20  2:00  Queen  
  22  2:02  Zergling x2  
  22  2:03  Queen  
  22  2:04  Zergling x2  
  26  2:10  Metabolic Boost  
  26  2:12  Zergling x2  
  26  2:14  Drone  
  28  2:25  Drone  
  28  2:29  Drone  
  30  2:36  Queen  
  32  2:38  Drone x2  
  32  2:43  Overlord  
  34  2:46  Drone  
  35  3:05  Hatchery  
  32  3:20  Overlord  
  32  3:21  Drone x3  
  32  3:22  Drone x4  
  32  3:24  Zergling x2  
  32  3:26  Zergling x2  
  41  3:36  Lair  
  41  3:39  Drone x2  
  41  3:40  Extractor  
  42  3:48  Zergling x6  
  44  3:53  Drone x2, Evolution Chamber  
  44  3:54  Drone  
  47  4:00  Extractor  
  47  4:01  Drone x2  
  47  4:02  Drone  
  49  4:03  Drone  
  49  4:06  Overlord  
  50  4:12  Overlord  
  50  4:18  Zerg Ground Armor Level 1  
  50  4:22  Drone x3  
  53  4:26  Extractor  
  53  4:28  Queen  
  54  4:36  Hydralisk Den  
  50  4:45  Spore Crawler  
  49  4:47  Spore Crawler  
  49  4:48  Overlord  
  49  4:49  Drone x2  
  48  4:53  Drone x2  
  50  5:00  Drone x2  
  50  5:01  Drone  
  50  5:02  Drone  
  54  5:11  Drone x3  
  57  5:15  Muscular Augments  
  57  5:17  Drone  
  57  5:18  Drone  
  57  5:21  Drone  
  60  5:23  Drone  
  59  5:40  Drone x4  
  59  5:41  Drone x6  
  69  5:46  Hydralisk  
  71  5:53  Overlord  
  71  6:00  Drone x5, Evolution Chamber  
  71  6:01  Drone x2  
  71  6:03  Extractor  
  71  6:04  Extractor  
  75  6:06  Overlord  
  75  6:08  Hydralisk  
  75  6:11  Hydralisk  
  77  6:14  Hydralisk  
  81  6:22  Hydralisk x2  
  81  6:23  Hydralisk x2  
  89  6:42  Overlord x2  
  89  6:51  Hydralisk x2  
  89  6:52  Hydralisk x3  
  97  7:02  Zerg Missile Weapons Level 1, Zerg Ground Armor Level 2  
  97  7:05  Drone x3  
  97  7:06  Hatchery  
  97  7:07  Infestation Pit, Overlord  
  98  7:09  Pneumatized Carapace  
  98  7:18  Overlord x2  
  98  7:19  Hydralisk  
  98  7:20  Hydralisk  
  102  7:27  Hydralisk x3  
  108  7:31  Hydralisk  
  108  7:34  Grooved Spines  
  110  7:37  Overlord  
  110  7:40  Spore Crawler  
  110  7:42  Hydralisk  
  110  7:43  Hydralisk  
  113  7:47  Hydralisk  
  113  7:49  Hydralisk  
  117  7:51  Hydralisk  
  117  7:55  Hydralisk x2  
  123  8:01  Hive  
  123  8:03  Overlord  
  123  8:07  Hydralisk  
  123  8:08  Hydralisk  
  127  8:18  Overseer  
  127  8:19  Overseer  
  127  8:22  Queen  
  127  8:24  Overlord x2  
  127  8:25  Drone x4  
  133  8:32  Spire  
  133  8:33  Hydralisk  
  132  8:34  Hydralisk  
  136  8:41  Hydralisk  
  136  8:42  Hydralisk  
  140  8:55  Hydralisk x2  
  140  8:56  Hydralisk x4  
  140  9:01  Hydralisk x2  
  156  9:03  Hydralisk  
  157  9:15  Hydralisk x5  
  162  9:18  Hydralisk  
  158  9:24  Hydralisk x2  
  158  9:28  Hydralisk x2  
  158  9:29  Hydralisk  
  158  9:33  Hydralisk  
  158  9:34  Hydralisk  
  158  9:38  Hydralisk  
  162  9:39  Overlord  
  162  9:45  Hydralisk x2  
  154  9:49  Hydralisk x2  
  154  9:50  Hydralisk  
  154  9:55  Hydralisk  
  154  9:56  Hydralisk  
  154  9:59  Hydralisk  
  148  10:01  Hydralisk  
  148  10:02  Hydralisk  
  148  10:04  Zergling x2  
  145  10:10  Hydralisk x2  
  141  10:17  Hydralisk  
  141  10:18  Hydralisk x3  
  141  10:21  Hydralisk  
  141  10:24  Hydralisk  
  139  10:29  Hydralisk x2  
  139  10:30  Hydralisk  
  139  10:34  Hydralisk  
  129  10:36  Hydralisk  
  129  10:39  Hydralisk  
  126  10:45  Hydralisk x3  
  126  10:48  Hydralisk  
  134  10:55  Greater Spire  
  134  10:57  Hydralisk  
  134  10:58  Hydralisk  
  138  11:05  Hydralisk x2  
  138  11:09  Hydralisk  
  140  11:11  Hydralisk  
  140  11:14  Hydralisk  
  140  11:22  Hydralisk x3  
  134  11:25  Hydralisk  
  134  11:31  Hydralisk x2  
  134  11:35  Hydralisk  
  134  11:38  Hydralisk  
  124  11:45  Hydralisk x2  
  120  11:55  Drone x3  
  120  11:58  Extractor  
  120  11:59  Extractor  
  121  12:01  Hydralisk x4  
  129  12:09  Hydralisk x2  
  129  12:10  Hydralisk x2  
  129  12:13  Hydralisk  
  139  12:17  Hydralisk  
  139  12:21  Hydralisk  
  139  12:22  Hydralisk  
  131  12:25  Hydralisk  
  113  12:30  Hydralisk x2  
  113  12:34  Zergling x10  
  113  12:35  Zergling x10  
  117  12:51  Hydralisk  
  117  12:52  Hydralisk x5  
  117  12:56  Hydralisk x2  
  133  13:00  Hatchery  
  133  13:01  Hydralisk x2  
  136  13:12  Hydralisk x4  
  133  13:14  Hydralisk  
  136  13:23  Hydralisk x3  
  136  13:25  Hydralisk  
  143  13:27  Hydralisk  
  143  13:30  Hydralisk  
  130  13:34  Hydralisk  
  130  13:37  Hydralisk  
  130  13:38  Hydralisk  
  126  13:45  Hydralisk x2  
  124  13:50  Hydralisk x2  
  124  13:52  Zergling x2  
  124  13:54  Zergling x4  
  119  13:58  Zergling x2  
  119  13:59  Zergling x4  
  120  14:11  Hydralisk x4  
  120  14:12  Hydralisk  
  130  14:19  Hydralisk x2  
  130  14:21  Hydralisk  
  124  14:29  Hydralisk x3  
  130  14:34  Hydralisk  
  130  14:35  Hydralisk  
  130  14:37  Hydralisk  
  129  14:47  Hydralisk x3  
  133  14:55  Hydralisk x3  
  133  14:58  Corruptor  
  141  15:02  Corruptor  
  141  15:06  Corruptor  
  145  15:10  Drone  
  145  15:11  Drone x2  
  148  15:14  Viper  
  148  15:15  Drone  
  148  15:18  Hydralisk  
  148  15:20  Hydralisk  
  156  15:29  Hydralisk  
  156  15:30  Hydralisk x2  
  156  15:31  Hydralisk  
  164  15:36  Hydralisk  
  164  15:37  Hydralisk  
  164  15:40  Hydralisk  
  164  15:42  Hydralisk  
  170  15:43  Hydralisk  
  170  15:47  Hydralisk  
  170  15:49  Hydralisk  
  163  15:56  Hydralisk  
Show
View Real Time Build Order
Export as new Build Order

Tenacity Protoss - Winner!

Build Orders: 1 Gate Expand, Oracle Opening 

Get SALT Encoding   

  12  0:01  Probe  
  13  0:13  Probe  
  14  0:21  Pylon  
  14  0:27  Probe  
  15  0:39  Probe  
  15  0:41  Gateway  
  16  0:52  Probe  
  16  0:53  Assimilator  
  17  1:04  Probe  
  18  1:24  Nexus  
  18  1:29  Probe  
  19  1:40  Pylon  
  19  1:54  Probe  
  20  1:58  Assimilator  
  20  2:00  Cybernetics Core  
  20  2:06  Probe  
  21  2:18  Probe  
  22  2:30  Probe  
  23  2:39  Warp Gate, Adept (Chrono Boost)  
  23  2:42  Probe  
  26  2:48  Shield Battery  
  25  2:54  Stargate  
  25  2:56  Probe  
  27  2:58  Probe  
  27  3:02  Adept  
  29  3:19  Probe  
  30  3:21  Probe  
  31  3:27  Gateway  
  31  3:31  Probe  
  31  3:33  Probe  
  33  3:35  Oracle (Chrono Boost)  
  36  3:43  Probe, Adept  
  39  3:55  Probe, Assimilator  
  40  3:57  Assimilator  
  40  4:02  Oracle (Chrono Boost)  
  40  4:08  Probe  
  44  4:20  Probe (Chrono Boost)  
  45  4:30  Probe (Chrono Boost)  
  46  5:05  Pylon x2  
  46  5:06  Pylon  
  46  5:23  Probe x2, Oracle  
  51  5:35  Probe  
  49  5:46  Gateway  
  49  5:47  Probe  
  49  5:49  Gateway, Probe  
  51  5:51  Gateway  
  51  5:53  Gateway  
  51  5:57  Twilight Council  
  51  5:58  Sentry x2, Robotics Facility  
  51  5:59  Probe  
  51  6:01  Probe  
  57  6:11  Probe  
  57  6:16  Probe  
  59  6:20  Nexus  
  59  6:23  Probe  
  59  6:53  Charge  
  59  6:59  Immortal  
  63  7:03  Templar Archives  
  63  7:04  Zealot x2  
  63  7:05  Zealot  
  63  7:07  Nexus  
  69  7:10  Pylon  
  69  7:11  Pylon x2  
  69  7:26  Pylon  
  69  7:28  Pylon  
  69  7:30  Psionic Storm  
  69  7:33  Sentry x2  
  69  7:35  Probe  
  74  7:41  Forge  
  74  7:43  Forge  
  74  7:44  High Templar x4  
  74  7:48  Probe  
  83  7:53  Warp Prism (Chrono Boost)  
  85  8:05  High Templar x2  
  89  8:21  High Templar x3  
  95  8:35  Protoss Ground Weapons Level 1 (Chrono Boost), Protoss Ground Armor Level 1 (Chrono Boost)  
  95  8:48  Archon, High Templar  
  95  8:53  Probe  
  98  8:58  Zealot x3  
  98  8:59  Zealot x2  
  107  9:05  Probe  
  104  9:18  Probe  
  103  9:24  Stalker  
  103  9:25  Stalker x5  
  103  9:30  Probe  
  94  9:51  Probe  
  93  9:55  Assimilator  
  93  9:57  Assimilator  
  91  10:03  Probe  
  91  10:05  Pylon  
  91  10:06  Pylon  
  90  10:12  High Templar x2  
  90  10:13  High Templar x2  
  98  10:15  Probe  
  95  10:26  High Templar  
  95  10:27  Probe  
  94  10:32  Zealot  
  92  10:42  Archon x2  
  90  10:45  Protoss Ground Weapons Level 2 (Chrono Boost)  
  90  10:46  Zealot x3, Protoss Ground Armor Level 2 (Chrono Boost)  
  90  10:47  Zealot  
  90  10:49  Probe (Chrono Boost)  
  99  10:58  Probe (Chrono Boost)  
  99  11:03  Probe (Chrono Boost)  
  100  11:07  Zealot x4  
  103  11:15  Probe, Stalker x2  
  98  11:26  Immortal  
  98  11:30  Stalker x3  
  98  11:31  Stalker  
  100  11:40  High Templar  
  100  11:48  Zealot  
  102  11:54  Gateway  
  102  11:56  Gateway  
  102  11:59  Gateway  
  102  12:04  Robotics Bay  
  102  12:05  Immortal  
  102  12:08  Robotics Facility  
  82  12:37  Zealot x4  
  82  12:38  Zealot x2  
  94  12:44  Immortal  
  94  12:50  Pylon, High Templar  
  94  12:51  Pylon, High Templar  
  102  12:54  Protoss Ground Weapons Level 3 (Chrono Boost), Protoss Ground Armor Level 3 (Chrono Boost)  
  94  13:20  Zealot x3  
  94  13:21  Zealot x3  
  94  13:37  Colossus x2  
  96  13:45  Zealot x3  
  96  13:46  Zealot x5  
  100  14:02  Extended Thermal Lance  
  100  14:12  High Templar x2  
  100  14:13  High Templar  
  106  14:22  Colossus  
  106  14:23  Colossus  
  96  14:26  Zealot x3  
  96  14:27  Zealot x2  
  114  14:45  Nexus  
  114  14:57  Pylon, Nexus  
  114  14:58  Pylon  
  114  14:59  Pylon  
  114  15:04  Stalker x2  
  118  15:15  Observer x2 (Chrono Boost)  
  118  15:20  Stalker x3  
  118  15:21  Stalker x2  
Tags
 
Add a new tag
Caveats
  • Supply blocks, unpowered buildings, or Contaminate may cause inaccurate times.
  • Supply counts are checked every 10 seconds.